 Dungeon Sprint DCSS version 0.30-a0-439-g9e77e4d916 (webtiles) character file.

Game seed: 3003317730987981879

51002 rocky1 the Shatterer (level 14, -2/156 HPs)
             Began as an Ogre Warper on Dec 11, 2022.
             Was the Champion of Cheibriados.
             Drowned by a water elemental (6 damage)
             ... led by a merfolk aquamancer
             ... in the Dungeon (Sprint VII: "The Pits").
             The game lasted 00:32:17 (6249 turns).

rocky1 the Shatterer (Ogre Warper)                  Turns: 6249, Time: 00:32:17

Health: -2/156     AC: 23    Str: 37    XL:     14   Next: 57%
Magic:  34/34      EV: 14    Int: 27    God:    Cheibriados [******]
Gold:   66         SH:  0    Dex: 23    Spells: 30/45 levels left

rFire   + . .      SeeInvis .    w - +6 giant spiked club
rCold   + . .      Faith    .    (shield currently unavailable)
rNeg    . . .      Spirit   .    L - +2 gold dragon scales
rPois   +          Reflect  .    J - +0 hat of the Pits of Slime {rPois}
rElec   .          Harm     .    x - +2 cloak {Stlth+}
rCorr   .          Rampage  .    (gloves unavailable)
Will    +++..      NoTele   +    (boots unavailable)
Stlth   ..........               (no amulet)
HPRegen 0.46/turn                p - ring of willpower
MPRegen 0.24/turn                q - +3 ring of evasion

@: engulfed (cannot breathe), very slow
A: large, unfitting armour, tough skin 1, dopey 1, strong-willed 1
a: Renounce Religion, Bend Time, Temporal Distortion, Slouch, Step From Time


You were in the Dungeon.
You worshipped Cheibriados.
Cheibriados was exalted by your worship.
You visited 1 branch You collected 66 gold pieces.

Inventory:

Hand Weapons
 h - a +3 demon whip of electrocution
 n - a +6 antimagic demon whip
 u - a +2 dire flail of protection
 v - a +1 broad axe of freezing
 w - a +6 giant spiked club (weapon)
 F - a +1 broad axe of electrocution
 M - a +3 battleaxe
Missiles
 b - 4 large rocks (quivered)
 d - 4 boomerangs of dispersal
 l - 5 silver javelins
 o - 19 poisoned darts
Armour
 g - +0 storm dragon scales
 x - a +2 cloak of stealth (worn)
 y - a +2 hat of stealth
 z - +0 steam dragon scales
 J - the +0 hat of the Pits of Slime (worn) {rPois}
   (You found it in the Dungeon)

   rPois:     It protects you from poison.
 K - +0 fire dragon scales
 L - +2 gold dragon scales (worn)
Jewellery
 a - a ring of poison resistance
 m - the ring "Taliemm" {Ice rCorr Str+3 Int+5 Stlth-}
   (You took it off a kobold brigand in the Dungeon)

   [ring of ice]

   It enhances your ice magic.
   Str:       It affects your strength (+3).
   Int:       It affects your intelligence (+5).
   rF:        It makes you vulnerable to fire.
   rC:        It protects you from cold.
   rCorr:     It protects you from acid and corrosion.
   Stlth:     It makes you less stealthy.
 p - a ring of willpower (left hand)
 q - a +3 ring of evasion (right hand)
 B - an amulet of guardian spirit
 D - a ring of positive energy
Wands
 A - a wand of paralysis (10)
 I - a wand of flame (30)
Scrolls
 k - 5 scrolls of amnesia
 G - a scroll of fear
 H - 3 scrolls of identify
Potions
 e - 6 potions of curing
 i - 6 potions of berserk rage
 j - a potion of invisibility
 r - a potion of brilliance
 s - 2 potions of mutation
 t - 3 potions of might
Miscellaneous
 C - a tin of tremorstones (2/2)


   Skills:
 - Level 14.3 Fighting
 - Level 1.2(15.9) Axes
 + Level 22.1(22.2) Maces & Flails
 - Level 5.9 Throwing
 - Level 9.0 Armour
 - Level 10.0 Dodging
 - Level 8.3 Stealth
 - Level 16.0 Spellcasting
 - Level 10.2 Translocations
 - Level 9.5 Air Magic
 - Level 15.4 Invocations


You had 30 spell levels left.
You knew the following spells:

 Your Spells              Type           Power      Damage    Failure   Level
a - Blink                 Tloc           100%       N/A       1%          2
b - Vhi's Electric Charg  Tloc/Air       100%       N/A       1%          3
c - Manifold Assault      Tloc           67%        N/A       5%          4
d - Lesser Beckoning      Tloc           100%       N/A       1%          3
e - Teleport Other        Tloc           67%        N/A       1%          3

Your spell library contained the following spells:

 Spells                   Type           Power      Damage    Failure   Level
 Kiss of Death            Conj/Necr      84%        2d11      34%         1
 Summon Lightning Spire   Summ/Air       47%        N/A       45%         4
 Animate Dead             Necr           21%        N/A       98%         4
 Haunt                    Necr/Summ      10%        N/A       100%        7
 Infestation              Necr           10%        N/A       100%        8


Dungeon Overview and Level Annotations

Branches:
Dungeon (1/1)

Altars:
Ashenzari
Cheibriados
Dithmenos
Elyvilon
Fedhas
Gozag
Hepliaklqana
Kikubaaqudgha
Makhleb
Nemelex Xobeh
Okawaru
Qazlal
Ru
Sif Muna
Trog
Uskayaw
Vehumet
Wu Jian
Xom
Yredelemnul
Zin
The Shining One
Jiyva
Lugonu


Innate Abilities, Weirdness & Mutations

You are too large for most types of armour.
You have tough skin. (AC +1)
You are dopey. (Int -2)
You are strong-willed. (Will+)


Message History

You feel much better.
The merfolk aquamancer gestures at you while chanting.
The shard of ice hits you!! You partially resist.
* * * LOW HITPOINT WARNING * * *
Unknown command.
You struggle against the net.
You rip the net and break free!
The merfolk throws a throwing net.
The throwing net hits you.
You become entangled in the net!
The water elemental hits you.
The water elemental engulfs you in water!
You struggle against the net.
* * * LOW HITPOINT WARNING * * *
Your lungs strain for air!
You gasp with relief as air once again reaches your lungs.
Unknown command.
You tear a large gash into the net.
The merfolk hits you but does no damage.
The merfolk aquamancer hits you with a +0 rapier.
* * * LOW HITPOINT WARNING * * *
Unknown command.
You struggle against the net.
The merfolk hits you from afar with a +0 trident!
* * * LOW HITPOINT WARNING * * *
The water elemental hits you.
The water elemental engulfs you in water!
The merfolk aquamancer hits you but does no damage.
Unknown command.
You feel much better.
* * * LOW HITPOINT WARNING * * *
Your lungs strain for air!
The merfolk hits you but does no damage.
The water elemental hits you.
The merfolk aquamancer gestures at you while chanting.
The shard of ice hits you!! You partially resist.
* * * LOW HITPOINT WARNING * * *
Okay, then.
You cannot read scrolls while unable to breathe!
Unknown command.
You rip the net and break free!
You die...

#### ####.. ... E○○°.e ..##medM
.m.E3 ####'m#### #####++##
####...§E...#### #..........#
#......##....).#####..........#
.....).......)mE..')..#....#..#
...............m@.''..........#
####################).........#
###########..#....#..#
.........''..........#
.........''..........#
###############..##..#....#..#
##.#.#.#)#.#.#.#..##..........+
#÷#.#.#.#.#.#.##..##..........+
##)#[#)#(#.#[#[#..####++####++#


You could see a merfolk aquamancer, a merfolk and a water elemental.

Vanquished Creatures
  Saint Roka (D)
  A death cob (D)
  Gastronok (D)
  A storm dragon (D)
  A daeva (D)
  A nagaraja (D)
  A fire giant (D)
  A spriggan defender (D)
  2 orc warlords (D)
  A stone giant (D)
  An apis (D)
  2 white draconians (D)
  A minotaur (D)
  A yellow draconian (D)
  A deep elf high priest (D)
  A blizzard demon (D)
  A yaktaur captain (D)
  A great orb of eyes (D)
  3 vault guards (D)
  A boulder beetle (D)
  A dancing weapon (D)
  2 merfolk avatars (D)
  A two-headed ogre (D)
  A vampire mage (D)
  A naga warrior (D)
  5 deep elf knights (D)
  A sun demon (D)
  4 skeletal warriors (D)
  A shadow wraith (D)
  A spriggan druid (D)
  A bog body (D)
  A lindwurm (shapeshifter) (D)
  A lindwurm (D)
  8 orc knights (D)
  4 deep elf zephyrmancers (D)
  A deep troll (D)
  3 harpies (D)
  A necromancer (D)
  A deep elf pyromancer (D)
  A manticore (D)
  A large abomination (D)
  2 molten gargoyles (D)
  A komodo dragon (D)
  2 unseen horrors (D)
  A demonic crawler (D)
  2 kobold demonologists (D)
  A troll (D)
  A red devil (D)
  A guardian mummy (D)
  2 polar bears (D)
  A hornet (D)
  A wind drake (D)
  A tarantella (D)
  A tyrant leech (D)
  A snapping turtle (D)
  8 dream sheep (D)
  A jumping spider (shapeshifter) (D)
  2 spriggans (D)
  A ynoxinul (D)
  A jumping spider (D)
  A vampire (D)
  A water elemental (D)
  A fire bat (D)
  3 steam dragons (D)
  A chaos spawn (D)
  A neqoxec (D)
  A warg (D)
  A water moccasin (D)
  3 floating eyes (D)
  Duvessa (D)
  2 orc warriors (D)
  A sky beast (D)
  9 wolves (D)
  An ogre (D)
  A centaur (D)
  5 kobold brigands (D)
  A bullfrog (D)
  3 scorpions (D)
  Dowan (D)
  3 wights (D)
  3 killer bees (D)
  A crimson imp (D)
  A gnoll bouda (D)
  An orc priest (D)
  Crazy Yiuf (D)
  An iron imp (D)
  5 gnolls (D)
  2 river rats (D)
  A white imp (D)
  2 adder zombies (D)
  2 adder simulacra (D)
  4 orcs (D)
  2 endoplasms (D)
  A giant cockroach (D)
  7 jackals (D)
  2 kobolds (D)
  2 quokkas (D)
  A ball python simulacrum (D)
  A ball python zombie (D)
  A bat (D)
  A frilled lizard (D)
  2 quokka zombies (D)
181 creatures vanquished.

Vanquished Creatures (collateral kills)
  An orc knight (D)
1 creature vanquished.

Vanquished Creatures (others)
  A shadow wraith (D)
1 creature vanquished.

Grand Total: 183 creatures vanquished

Notes
Turn   | Place    | Note
-------+----------+-------------------------------------------
     0 | D        | rocky1 the Ogre Warper began the quest for the Orb.
     0 | D        | Reached XP level 1. HP: 22/22 MP: 3/3
    18 | D        | Reached skill level 2 in Maces & Flails
    18 | D        | Reached XP level 2. HP: 9/31 MP: 3/5
   106 | D        | Found a bloodstained altar of Trog.
   106 | D        | Found a shimmering blue altar of Sif Muna.
   106 | D        | Found a viscous altar of Jiyva.
   106 | D        | Found a hazy altar of Hepliaklqana.
   106 | D        | Found an opulent altar of Gozag.
   107 | D        | Found a glowing golden altar of the Shining One.
   107 | D        | Found a glowing silver altar of Zin.
   107 | D        | Found a basalt altar of Yredelemnul.
   107 | D        | Found a shimmering altar of Xom.
   107 | D        | Found an ornate altar of the Wu Jian Council.
   107 | D        | Found a sacrificial altar of Ru.
   107 | D        | Found a stormy altar of Qazlal.
   107 | D        | Found an iron altar of Okawaru.
   107 | D        | Found a sparkling altar of Nemelex Xobeh.
   107 | D        | Found a burning altar of Makhleb.
   107 | D        | Found a blossoming altar of Fedhas.
   107 | D        | Found a white marble altar of Elyvilon.
   107 | D        | Found a shadowy altar of Dithmenos.
   107 | D        | Found a snail-covered altar of Cheibriados.
   110 | D        | Found a corrupted altar of Lugonu.
   110 | D        | Found a radiant altar of Vehumet.
   111 | D        | Found an ancient bone altar of Kikubaaqudgha.
   111 | D        | Found a hide-covered altar of Uskayaw.
   111 | D        | Found a broken altar of Ashenzari.
   118 | D        | Became a worshipper of Cheibriados the Contemplative
   159 | D        | Reached * piety under Cheibriados
   161 | D        | Reached ** piety under Cheibriados
   171 | D        | Noticed a scorpion
   176 | D        | Killed a scorpion
   177 | D        | Reached skill level 1 in Axes
   177 | D        | Reached skill level 3 in Maces & Flails
   177 | D        | Reached skill level 5 in Translocations
   177 | D        | Reached XP level 3. HP: 20/39 MP: 6/8
   177 | D        | Reached XP level 4. HP: 25/48 MP: 7/10
   179 | D        | Reached *** piety under Cheibriados
   317 | D        | Reached **** piety under Cheibriados
   322 | D        | Reached ***** piety under Cheibriados
   394 | D        | Learned a level 2 spell: Blink
   398 | D        | Learned a level 3 spell: Vhi's Electric Charge
   403 | D        | Learned a level 4 spell: Manifold Assault
   405 | D        | Noticed Dowan
   409 | D        | Noticed Duvessa
   414 | D        | Killed Duvessa
   414 | D        | Killed Dowan
   415 | D        | Reached skill level 5 in Maces & Flails
   415 | D        | Reached XP level 5. HP: 52/54 MP: 5/13
   415 | D        | Reached XP level 6. HP: 60/62 MP: 5/15
   433 | D        | Noticed a fire bat
   439 | D        | Killed a fire bat
   439 | D        | Reached ****** piety under Cheibriados
   440 | D        | Reached skill level 6 in Maces & Flails
   538 | D        | Noticed a molten gargoyle
   540 | D        | Killed a molten gargoyle
   541 | D        | Reached skill level 7 in Maces & Flails
   541 | D        | Reached XP level 7. HP: 49/70 MP: 6/19
   621 | D        | Paralysed by a floating eye for 4 turns
   628 | D        | Reached XP level 8. HP: 78/78 MP: 9/21
   703 | D        | Noticed a jumping spider
   703 | D        | Noticed a polar bear
   704 | D        | Killed a jumping spider
   705 | D        | Reached skill level 8 in Maces & Flails
   713 | D        | Killed a polar bear
   714 | D        | Reached skill level 10 in Spellcasting
   838 | D        | Noticed a snapping turtle
   838 | D        | Noticed a komodo dragon
   843 | D        | Killed a komodo dragon
   844 | D        | Reached skill level 9 in Maces & Flails
   844 | D        | Reached XP level 9. HP: 84/84 MP: 2/23
   848 | D        | Reached skill level 10 in Translocations
   848 | D        | Reached skill level 10 in Invocations
   964 | D        | Noticed a two-headed ogre
   973 | D        | Killed a two-headed ogre
   974 | D        | Reached skill level 10 in Maces & Flails
   983 | D        | Killed an unseen horror
   984 | D        | Reached skill level 11 in Maces & Flails
  1299 | D        | Reached XP level 10. HP: 93/93 MP: 20/26
  1302 | D        | Noticed Crazy Yiuf
  1304 | D        | Reached skill level 12 in Maces & Flails
  1304 | D        | Killed Crazy Yiuf
  1367 | D        | Noticed a demonic crawler
  1373 | D        | Killed a demonic crawler
  1374 | D        | Reached skill level 13 in Maces & Flails
  1484 | D        | Gained mutation: You occasionally lose the ability to read
                  | scrolls when taking damage. [a neqoxec]
  1661 | D        | Noticed Gastronok
  1661 | D        | Noticed a boulder beetle
  1668 | D        | Reached skill level 14 in Maces & Flails
  1668 | D        | Reached XP level 11. HP: 89/100 MP: 7/29
  1679 | D        | Killed a boulder beetle
  1691 | D        | Killed Gastronok
  1832 | D        | Noticed a deep elf zephyrmancer
  1832 | D        | Noticed a nagaraja
  1832 | D        | Noticed an orc knight
  1833 | D        | Noticed a stone giant
  1834 | D        | Reached skill level 15 in Maces & Flails
  1835 | D        | Killed a deep elf zephyrmancer
  1836 | D        | Reached skill level 15 in Spellcasting
  1836 | D        | Killed an orc knight
  1838 | D        | Killed a stone giant
  1839 | D        | Reached skill level 16 in Maces & Flails
  1839 | D        | Reached skill level 15 in Invocations
  1843 | D        | Killed a nagaraja
  2361 | D        | Noticed a deep elf zephyrmancer
  2375 | D        | Killed a deep elf zephyrmancer
  2461 | D        | Noticed a white draconian
  2467 | D        | Learned a level 3 spell: Lesser Beckoning
  2471 | D        | Learned a level 3 spell: Teleport Other
  2475 | D        | Killed a shadow wraith
  2476 | D        | Reached skill level 1 in Armour
  2476 | D        | Reached skill level 1 in Air Magic
  2476 | D        | Reached XP level 12. HP: 63/110 MP: 4/32
  2479 | D        | Killed a white draconian
  2480 | D        | Reached skill level 5 in Fighting
  2480 | D        | Reached skill level 17 in Maces & Flails
  2683 | D        | Lost mutation: You occasionally lose the ability to read
                  | scrolls when taking damage. [potion of mutation]
  2683 | D        | Gained mutation: Your magical capacity is low. (-10% MP)
                  | [potion of mutation]
  2684 | D        | Lost mutation: Your magical capacity is low. (-10% MP)
                  | [potion of mutation]
  2684 | D        | Gained mutation: You are dopey. (Int -2) [potion of
                  | mutation]
  2684 | D        | Gained mutation: You are strong-willed. (Will+) [potion of
                  | mutation]
  2721 | D        | Reached skill level 5 in Dodging
  2778 | D        | Noticed an emperor scorpion
  2792 | D        | Reached skill level 1 in Stealth
  2864 | D        | Noticed a merfolk avatar
  2874 | D        | Killed a merfolk avatar
  3019 | D        | Noticed a vampire mage
  3019 | D        | Noticed a deep elf high priest
  3019 | D        | Noticed an apis
  3019 | D        | Noticed a storm dragon
  3019 | D        | Noticed a merfolk avatar
  3022 | D        | Killed a deep elf high priest
  3023 | D        | Killed a vampire mage
  3024 | D        | Killed a storm dragon
  3025 | D        | Killed a merfolk avatar
  3026 | D        | Reached skill level 18 in Maces & Flails
  3028 | D        | Killed an apis
  3029 | D        | Reached skill level 5 in Air Magic
  3180 | D        | Got the Opusculum on Vapourous Death
  3351 | D        | Noticed a spriggan defender
  3353 | D        | Killed a spriggan defender
  3354 | D        | Reached skill level 5 in Armour
  3354 | D        | Reached XP level 13. HP: 123/131 MP: 13/33
  3360 | D        | Identified the ring "Taliemm" {Ice rCorr Str+3 Int+5
                  | Stlth-}
  3378 | D        | Reached skill level 5 in Stealth
  3380 | D        | Reached skill level 10 in Fighting
  3398 | D        | Noticed a fire giant
  3405 | D        | Killed a fire giant
  3406 | D        | Noticed Saint Roka
  3425 | D        | Killed Saint Roka
  3426 | D        | Reached skill level 19 in Maces & Flails
  3790 | D        | Noticed an orc warlord
  3800 | D        | Noticed a minotaur
  4048 | D        | Killed a minotaur
  4326 | D        | Killed an orc warlord
  4327 | D        | Reached skill level 20 in Maces & Flails
  4383 | D        | Noticed an orc warlord
  4404 | D        | Killed an orc warlord
  4571 | D        | Noticed a yaktaur captain
  4584 | D        | Killed a yaktaur captain
  4585 | D        | Reached XP level 14. HP: 118/150 MP: 27/34
  4636 | D        | Reached skill level 10 in Dodging
  4971 | D        | Noticed a yellow draconian
  5121 | D        | Killed a yellow draconian
  5122 | D        | Reached skill level 5 in Throwing
  5250 | D        | Got the +0 hat of the Pits of Slime {rPois}
  5569 | D        | Noticed a daeva
  5606 | D        | Killed a daeva
  5927 | D        | Reached skill level 21 in Maces & Flails
  5955 | D        | Noticed a death cob
  5957 | D        | Killed a death cob
  6201 | D        | Noticed a white draconian
  6207 | D        | Killed a white draconian
  6208 | D        | Reached skill level 22 in Maces & Flails
  6232 | D        | Noticed a green draconian
  6236 | D        | Noticed a deep elf demonologist
  6247 | D        | HP: 4/156 [merfolk/+0 trident[a merfolk aquamancer] (8)]
  6249 | D        | Drowned by a water elemental

Illustrated notes

Levels and vault maps discovered:
D:        pitsprint [storerooms_1, entrance_room_1, metal_vault_1, armoury_2,
          mini_pit_1, grid_room_1, main_hall_1, silver_pit, the_coven_3,
          the_vestibule_1, steel_vault_1, golden_pit, hallway_of_sentries,
          crystal_vault_4, iron_vault_4, final_vault]

Skill      XL: |  1  2  3  4  5  6  7  8  9 10 11 12 13 14 |
---------------+-------------------------------------------+-----
Fighting       | 3 4 9 12 14 | 14.3
Maces & Flails | 2 3 5 7 9 11 14 16 18 20 22 | 22.1
Translocations | 3 5 6 8 9 10 | 10.2
Spellcasting   | 4 6 8 9 10 12 14 16 | 16.0
Dodging        | 4 7 9 10 | 10.0
Axes           | 1 |  1.2
Invocations    | 4 7 8 9 11 13 15 | 15.4
Armour         | 1 5 7 9 |  9.0
Air Magic      | 1 5 8 9 |  9.5
Stealth        | 4 7 8 |  8.3
Throwing       | 3 5 |  5.9

Action                   |  1- 3 |  4- 6 |  7- 9 | 10-12 | 13-15 || total
-------------------------+-------+-------+-------+-------+-------++-------
Melee: Mace              |     7 |    12 |    10 |       |       ||    29
       Hand axe          |     8 |    10 |       |       |       ||    18
       Dire flail        |       |       |    22 |    99 |   221 ||   342
       Giant spiked club |       |       |       |       |    21 ||    21
Throw: Large rock        |       |       |       |     2 |    17 ||    19
       Dart              |       |       |       |       |     5 ||     5
       Boomerang         |       |       |       |       |     3 ||     3
 Cast: Manifold Assault  |       |       |     5 |    13 |    11 ||    29
       Vhi's Electric Ch |       |       |       |     3 |     5 ||     8
       Teleport Other    |       |       |       |     1 |       ||     1
Invok: Slouch            |       |     4 |     7 |    31 |    19 ||    61
  Use: Potion            |       |       |       |     4 |    15 ||    19
       Scroll            |       |       |       |     2 |    10 ||    12
 Stab: Distracted        |       |       |     1 |       |       ||     1
       Sleeping          |       |       |       |     1 |       ||     1
       Invisible         |       |       |       |       |     3 ||     3
Armor: Robe              |     6 |     8 |    12 |    17 |       ||    43
       Steam dragon scal |       |       |       |    15 |       ||    15
       Storm dragon scal |       |       |       |       |    48 ||    48
       Gold dragon scale |       |       |       |       |    29 ||    29
Dodge: Dodged            |    10 |    18 |    19 |    43 |    87 ||   177

Table legend: (Time is in decaauts)
 A = Elapsed time spent in this place.
 B = Non-inter-level travel time spent in this place.
 C = Inter-level travel time spent in this place.
 D = Time resting spent in this place.
 E = Time spent auto-exploring this place.
 F = Levels seen in this place.
 G = Mean time per level.
                   A        B        C        D        E       F      G
               +--------+--------+--------+--------+--------+-----+--------+
         Total |   7509 |   7226 |    283 |   4035 |      0 |   1 | 7509.0 |
       Dungeon |   7509 |   7226 |    283 |   4035 |      0 |   1 | 7509.0 |
               +--------+--------+--------+--------+--------+-----+--------+

Top non-repeatable levels by time:
       D: 7509 daAuts
